Map: Abyssal Reef LE

Players

Railgan - Winner!

  • Race: Zerg Zerg
  • League: Grandmaster
  • Spawn Location: 11:00

Angry

  • Race: Terran Terran
  • League: Master
  • Spawn Location: 5:00

VOD

Have the link to the VOD?

Description

Time

  • Played on: March 23, 2017, 5:27 p.m.
  • Length: 18:46
Show
View Real Time Build Order
Export as new Build Order

Railgan Zerg - Winner!

Build Orders: Pool First, Muta Ling Bane 

Get SALT Encoding   

  12  0:01  Drone  
  13  0:12  Overlord  
  13  0:17  Drone  
  14  0:30  Drone x2  
  14  0:35  Drone  
  17  0:46  Spawning Pool  
  16  0:50  Drone  
  16  0:56  Drone  
  18  1:15  Extractor, Hatchery  
  16  1:19  Drone  
  16  1:21  Drone  
  18  1:38  Zergling x2  
  19  1:40  Roach Warren  
  19  1:43  Queen  
  20  1:47  Drone  
  20  1:49  Drone  
  22  2:02  Overlord  
  22  2:23  Drone x2, Queen  
  22  2:27  Queen  
  22  2:28  Drone  
  29  2:35  Metabolic Boost  
  29  2:40  Drone x2  
  31  2:47  Drone  
  31  2:50  Spore Crawler  
  31  2:52  Drone  
  31  2:55  Drone  
  32  3:02  Drone x2  
  35  3:06  Overlord  
  35  3:07  Drone  
  35  3:12  Overlord  
  36  3:16  Lair  
  36  3:21  Overlord  
  36  3:26  Drone  
  36  3:27  Drone  
  37  3:34  Drone  
  37  3:35  Drone x3  
  37  3:40  Overlord  
  37  3:41  Drone  
  42  3:43  Drone  
  42  3:45  Extractor  
  42  3:46  Extractor  
  41  3:48  Drone  
  41  3:49  Drone  
  41  3:53  Drone  
  44  3:59  Zergling x2  
  46  4:10  Drone x2  
  46  4:13  Drone x2  
  46  4:14  Overlord  
  49  4:17  Extractor  
  49  4:20  Spire, Drone x4  
  51  4:28  Drone x2  
  53  4:36  Drone  
  54  4:40  Overseer  
  54  4:49  Hatchery  
  53  4:53  Zergling x8  
  53  4:54  Zergling x6  
  60  5:04  Roach  
  60  5:05  Overlord  
  58  5:14  Roach  
  58  5:17  Roach x4  
  63  5:24  Drone  
  62  5:42  Mutalisk x5  
  72  5:51  Overlord  
  72  5:55  Mutalisk  
  72  6:02  Drone x2  
  72  6:03  Queen  
  77  6:04  Drone x2  
  77  6:05  Drone x2  
  80  6:11  Drone  
  80  6:12  Drone  
  80  6:14  Drone x3  
  85  6:23  Baneling Nest  
  85  6:25  Zergling x6  
  87  6:26  Evolution Chamber  
  87  6:27  Evolution Chamber  
  84  6:43  Drone x7  
  84  6:45  Drone  
  92  6:47  Drone  
  92  6:48  Drone  
  92  6:50  Queen  
  92  6:51  Drone  
  92  6:52  Zerg Melee Weapons Level 1  
  97  6:55  Drone  
  97  6:56  Overlord  
  97  6:59  Zerg Ground Armor Level 1  
  98  7:05  Overlord  
  98  7:08  Extractor  
  97  7:09  Extractor  
  97  7:12  Zergling x4  
  98  7:19  Burrow, Centrifical Hooks  
  98  7:22  Drone x3  
  101  7:23  Drone x2  
  101  7:24  Drone  
  104  7:33  Hatchery  
  104  7:36  Mutalisk x5  
  113  7:39  Pneumatized Carapace  
  113  7:48  Glial Reconstitution  
  113  7:56  Overlord x3  
  113  7:57  Zerg Flyer Weapons Level 1  
  113  7:58  Overlord  
  113  8:00  Overlord  
  113  8:09  Hatchery, Zergling x2  
  113  8:10  Baneling x6  
  113  8:11  Baneling, Overlord  
  113  8:13  Overseer  
  113  8:14  Overlord  
  113  8:16  Drone x2  
  113  8:18  Drone x2  
  117  8:20  Zergling x2  
  117  8:21  Zergling x2  
  117  8:22  Baneling x3  
  119  8:32  Drone  
  120  8:37  Zergling x6  
  123  8:45  Drone  
  123  8:48  Queen  
  122  8:50  Zergling x2  
  122  8:51  Zergling x2  
  122  8:52  Drone, Overlord  
  122  8:55  Zerg Ground Armor Level 2, Zerg Melee Weapons Level 2  
  127  9:00  Ravager x6  
  127  9:01  Zergling x2  
  127  9:02  Overlord, Zergling x14  
  141  9:04  Baneling  
  141  9:05  Baneling  
  141  9:15  Drone  
  141  9:16  Drone, Overseer  
  141  9:17  Overseer  
  141  9:18  Mutalisk  
  141  9:20  Drone  
  141  9:21  Drone  
  141  9:23  Extractor x2, Zergling x2  
  141  9:24  Zergling x12  
  150  9:30  Zergling x8  
  154  9:34  Overlord  
  154  9:35  Zergling x2  
  155  9:39  Zergling x8  
  155  9:43  Zergling x2  
  155  9:44  Zergling x4  
  155  9:45  Baneling x10  
  162  9:48  Mutalisk  
  162  9:51  Mutalisk x2  
  168  9:57  Zerg Flyer Armor Level 1  
  168  10:03  Baneling x4  
  168  10:06  Zergling x14  
  175  10:08  Baneling  
  175  10:09  Baneling x2  
  175  10:10  Zergling x2  
  162  10:20  Zergling x2  
  133  10:31  Zergling x20  
  133  10:33  Zergling x2  
  134  10:39  Mutalisk x5  
  134  10:42  Baneling x2  
  136  10:58  Zergling x16  
  136  10:59  Overlord  
  136  11:00  Overseer x2  
  136  11:02  Zergling x6  
  147  11:07  Drone x2  
  147  11:10  Zergling x6  
  152  11:12  Mutalisk x4  
  152  11:14  Overlord x2  
  152  11:15  Zergling x12  
  152  11:16  Baneling  
  152  11:17  Baneling x2  
  152  11:18  Zergling x2  
  167  11:37  Drone  
  167  11:38  Drone  
  168  11:45  Mutalisk x6  
  180  11:47  Drone x8  
  180  11:49  Extractor, Overlord  
  180  11:51  Extractor  
  180  11:52  Baneling x7  
  186  11:55  Zergling x2  
  186  11:56  Zergling x2  
  188  12:05  Zergling x2  
  188  12:06  Zergling x6  
  192  12:08  Zergling x2  
  192  12:09  Zergling x2  
  192  12:10  Overseer x2  
  192  12:12  Zergling x4  
  196  12:17  Zergling x2  
  196  12:20  Zergling x2  
  198  12:24  Baneling x11  
  198  12:25  Zergling x2  
  198  12:27  Overlord  
  198  12:29  Hatchery  
  191  12:39  Zergling x12  
  195  12:45  Zergling x2  
  179  12:52  Zergling x2  
  179  12:53  Zergling x12  
  179  12:55  Zergling x2  
  179  12:56  Zergling x2  
  187  13:01  Zergling x2  
  187  13:03  Overlord  
  188  13:09  Zergling x2  
  188  13:10  Zergling x8  
  188  13:12  Baneling x4  
  178  13:36  Zergling x8  
  178  13:40  Zergling x10  
  178  13:41  Zergling x2  
  188  13:44  Infestation Pit, Mutalisk x6  
  188  13:47  Baneling x6  
  188  13:48  Zergling x2  
  200  13:49  Overlord  
  200  13:58  Baneling x2  
  199  14:24  Baneling  
  199  14:25  Baneling x12  
  199  14:27  Hive  
  199  14:28  Zerg Flyer Armor Level 2  
  193  14:43  Zergling x2  
  193  14:44  Zergling x10  
  193  14:45  Overlord  
  193  15:01  Zergling x2  
  193  15:02  Zergling x2  
  192  15:09  Zergling x2  
  192  15:11  Baneling x7  
  192  15:13  Overseer x2  
  193  15:20  Zergling x2  
  194  15:21  Zergling x2  
  194  15:28  Zergling x4  
  196  15:37  Mutalisk x2  
  198  15:53  Mutalisk  
  198  15:54  Mutalisk x10  
  198  15:56  Zergling x12  
  200  15:59  Overlord  
  200  16:02  Baneling x11  
  200  16:03  Zergling x2  
  194  16:24  Zergling x2  
  194  16:25  Zergling x38  
  187  16:41  Zergling x18  
  187  16:42  Baneling x8, Mutalisk  
  187  16:43  Mutalisk  
  200  16:47  Ultralisk Cavern  
  199  16:55  Extractor  
  199  16:56  Extractor  
  165  17:25  Zergling x16  
  165  17:27  Mutalisk x12  
  165  17:28  Mutalisk  
  181  17:37  Zergling x2  
  181  17:38  Zergling x12  
  181  17:40  Zergling x24  
  199  17:50  Baneling x2  
  199  17:51  Baneling  
  199  17:54  Baneling  
  199  17:55  Baneling x11  
  199  18:00  Overseer x2  
  191  18:17  Mutalisk x4  
  191  18:19  Zergling x2  
  182  18:20  Zergling x42  
  182  18:24  Zergling x8  
Show
View Real Time Build Order
Export as new Build Order

Angry Terran 

Build Orders: Reaper Expand, MMM Bio 

Get SALT Encoding   

  12  0:01  SCV  
  13  0:13  SCV  
  14  0:18  Supply Depot  
  14  0:25  SCV  
  15  0:39  SCV  
  15  0:41  Barracks  
  16  0:46  Refinery  
  16  0:52  SCV  
  17  1:04  SCV  
  18  1:16  SCV  
  19  1:30  Reaper, Orbital Command  
  20  1:45  Command Center  
  20  1:57  SCV  
  20  2:00  Supply Depot  
  21  2:03  Barracks Reactor  
  21  2:15  SCV  
  21  2:25  Factory  
  21  2:27  SCV  
  21  2:29  Refinery  
  22  2:39  Bunker, SCV  
  22  2:40  Marine x2  
  25  2:51  SCV  
  26  3:02  Marine  
  26  3:03  Marine, SCV  
  29  3:15  Starport, SCV  
  29  3:16  Factory Tech Lab  
  30  3:20  Marine x2  
  32  3:27  SCV  
  32  3:31  Supply Depot  
  32  3:34  Orbital Command  
  33  3:36  Siege Tank  
  36  3:46  Marine x2  
  36  3:47  SCV  
  39  3:52  Medivac  
  41  3:59  Supply Depot, SCV  
  41  4:01  SCV  
  43  4:04  Marine  
  43  4:05  Marine  
  44  4:11  SCV  
  44  4:14  SCV  
  46  4:20  Siege Tank  
  46  4:23  SCV  
  50  4:26  Supply Depot, SCV  
  50  4:27  Marine x2  
  53  4:34  Medivac  
  53  4:35  SCV  
  56  4:41  Supply Depot  
  56  4:42  SCV  
  56  4:45  Marine x2  
  59  4:47  Barracks  
  59  4:51  Supply Depot  
  58  5:00  SCV  
  58  5:01  SCV  
  58  5:02  Marine  
  58  5:03  Marine  
  62  5:12  SCV  
  61  5:21  Marine  
  57  5:23  Marine  
  57  5:25  Siege Tank, SCV  
  58  5:30  SCV  
  58  5:35  Command Center  
  56  5:37  SCV  
  56  5:39  Marine, Engineering Bay  
  56  5:40  Engineering Bay  
  56  5:42  SCV  
  59  5:49  Marine, Starport Reactor, SCV  
  61  5:54  SCV  
  62  6:01  SCV  
  63  6:05  Factory Reactor, Supply Depot  
  63  6:06  SCV  
  63  6:08  Marine x2  
  63  6:09  Stimpack  
  63  6:11  Terran Infantry Armor Level 1, Terran Infantry Weapons Level 1  
  66  6:13  Refinery, SCV  
  66  6:14  Refinery  
  67  6:19  SCV  
  68  6:25  SCV  
  68  6:31  SCV  
  70  6:35  Marine x3  
  70  6:38  Medivac, SCV  
  72  6:42  Missile Turret  
  72  6:43  SCV  
  72  6:45  Widow Mine  
  72  6:46  Missile Turret, Widow Mine  
  72  6:48  Orbital Command  
  72  6:50  SCV  
  72  6:52  Barracks, Marine  
  72  6:54  Barracks  
  74  6:55  Barracks, SCV  
  74  6:58  Missile Turret  
  74  7:00  Marine x2  
  77  7:02  Supply Depot, SCV  
  77  7:07  SCV  
  79  7:10  Armory  
  79  7:14  SCV  
  80  7:24  Orbital Command  
  80  7:25  Marine x3  
  80  7:26  Widow Mine x2  
  80  7:29  Medivac x2  
  91  7:30  SCV  
  91  7:31  SCV  
  91  7:42  SCV  
  91  7:43  Marine, SCV  
  94  7:47  Barracks Reactor  
  94  7:49  Supply Depot  
  94  7:51  SCV  
  94  7:54  SCV  
  94  7:55  SCV  
  94  7:58  Barracks Tech Lab  
  99  8:00  Marine  
  99  8:01  Barracks Reactor  
  99  8:02  Widow Mine  
  99  8:03  SCV  
  101  8:06  SCV  
  101  8:07  SCV  
  101  8:08  Missile Turret  
  101  8:12  Terran Infantry Weapons Level 2, Supply Depot x2  
  103  8:14  Combat Shields  
  103  8:16  SCV  
  103  8:17  Terran Infantry Armor Level 2  
  103  8:18  SCV  
  103  8:19  SCV  
  106  8:23  Marine  
  105  8:28  SCV  
  105  8:30  Marine x4, SCV  
  105  8:32  Marauder, SCV  
  105  8:34  Liberator x2  
  114  8:39  Marine x2  
  114  8:40  SCV  
  114  8:41  Marine  
  118  8:46  SCV x2  
  118  8:48  Marine x2  
  117  8:49  Widow Mine x2, Marauder, Refinery  
  117  8:50  Refinery  
  117  8:53  Marauder  
  132  8:59  Marine x4  
  136  9:04  Supply Depot  
  136  9:06  Marine, Supply Depot  
  136  9:15  Marine x2  
  132  9:19  Widow Mine x2, Marauder  
  132  9:22  Liberator x2  
  138  9:26  Marine x3  
  138  9:27  Marine x2  
  143  9:32  Command Center  
  143  9:33  Marine  
  143  9:34  Marauder  
  143  9:35  Barracks x2  
  152  9:46  Marine x3, Barracks  
  152  9:47  Widow Mine  
  152  9:52  Supply Depot  
  157  9:53  Widow Mine, Supply Depot, Terran Vehicle And Ship Armor Level 1  
  159  10:07  Marine x2  
  159  10:08  Marine x2  
  159  10:09  Marauder  
  150  10:27  Marine x4  
  150  10:28  Marine x3, Marauder  
  136  10:30  Barracks Tech Lab  
  116  10:38  Marine  
  107  10:44  Marine  
  107  10:45  Marine x3  
  107  10:49  Marine x3, Marauder  
  112  10:50  Marine  
  103  10:58  Medivac x2, Widow Mine x2  
  109  11:04  Planetary Fortress  
  109  11:07  Marine x4  
  109  11:08  Marauder x2, Barracks Tech Lab  
  109  11:09  Marine, Barracks Tech Lab  
  118  11:16  Terran Infantry Armor Level 3, Terran Infantry Weapons Level 3  
  118  11:18  Missile Turret  
  118  11:22  Marine x2  
  118  11:24  Marine x2  
  122  11:26  Widow Mine x2  
  122  11:28  Medivac x2, Supply Depot  
  122  11:29  Marauder  
  130  11:37  Marine  
  131  11:43  Marine x2  
  131  11:44  Marauder  
  131  11:45  Supply Depot  
  135  11:53  Marine x2  
  143  11:54  Marauder x3  
  143  11:55  Widow Mine x2  
  143  11:57  SCV  
  143  11:58  Medivac  
  150  12:02  Marine x4, Marauder  
  156  12:09  Marine  
  156  12:11  Marine  
  160  12:15  Marauder, Ghost Academy  
  160  12:18  Sensor Tower  
  160  12:25  Marine  
  160  12:26  Marine x6  
  160  12:27  Marauder  
  160  12:28  Medivac, Widow Mine, Marauder  
  166  12:44  Marine x4  
  166  12:45  Marauder  
  166  12:51  Marine x4  
  168  12:52  Medivac, Marauder  
  168  12:54  Widow Mine  
  168  12:57  Widow Mine  
  178  13:02  Refinery  
  178  13:03  Refinery  
  176  13:14  Marine x3, Command Center  
  176  13:15  Marauder  
  176  13:19  Marine x3  
  179  13:20  Marine x2, Marauder  
  179  13:22  Widow Mine  
  179  13:26  Widow Mine  
  182  13:30  Marine  
  182  13:32  Marine x3  
  180  13:38  Supply Depot x2  
  180  13:40  Supply Depot  
  180  14:00  Marauder x5  
  180  14:01  Widow Mine x2  
  194  14:05  Marine  
  194  14:06  Marine x5  
  194  14:07  Building Armor  
  194  14:08  Terran Ship Weapons Level 1  
  199  14:23  Marine  
  200  14:29  Missile Turret  
  198  14:35  Marine x3, Widow Mine x2  
  191  14:47  Marine  
  191  14:48  Marine x4  
  191  14:57  Marine x3  
  191  14:59  Missile Turret  
  192  15:00  Missile Turret  
  175  15:08  Supply Depot  
  175  15:09  Planetary Fortress  
  175  15:11  Supply Depot  
  175  15:12  Supply Depot  
  175  15:13  Missile Turret  
  175  15:19  Marine x4, Command Center  
  175  15:20  Marine x3  
  175  15:21  Marauder  
  184  15:27  Command Center  
  172  15:53  Marine x2  
  166  15:58  Marine x3  
  166  15:59  Marine, Marauder  
  166  16:00  Marauder x2  
  176  16:09  Marine x2  
  176  16:10  Medivac x2, Widow Mine x2  
  169  16:26  Marine  
  169  16:27  Marine x2, Marauder  
  169  16:28  Marauder x2  
  158  16:41  Widow Mine  
  158  16:42  Widow Mine  
  158  16:43  SCV  
  163  16:47  Marine x3, Marauder  
  163  16:48  Marine x2, Marauder  
  170  16:55  Command Center  
  168  17:07  Marine x2  
  168  17:08  Marauder  
  113  17:23  Marine x3  
  113  17:25  Marine x3, Marauder  
  113  17:26  Medivac x2  
  105  17:38  Marine x2  
  105  17:39  Marine, Marauder  
  105  17:41  Widow Mine x2  
  105  17:43  Marauder  
  116  17:47  SCV x2  
  118  17:56  Medivac x2  
  122  18:01  Missile Turret  
  122  18:02  Missile Turret x2  
  119  18:06  Marine x3  
  119  18:07  Marauder  
  112  18:14  Marine x4  
  112  18:15  Marine  
  112  18:17  Marine  
  112  18:18  Marine  
  110  18:23  Marine  
  110  18:24  Marine x2  
  92  18:29  SCV  
Tags
 
Add a new tag
Caveats
  • Supply blocks, unpowered buildings, or Contaminate may cause inaccurate times.
  • Supply counts are checked every 10 seconds.